 Dungeon Crawl Stone Soup version 0.29-a0-364-g921d912d32 (webtiles) character file.

Game seed: 12232178451850041362

35 holysushi the Cutter (level 3, 0/29 HPs)
             Began as a Demonspawn Monk on May 1, 2022.
             Was a Priest of Wu Jian.
             Slain by a jackal (2 damage)
             ... on level 3 of the Dungeon.
             The game lasted 00:02:12 (1763 turns).

holysushi the Cutter (Demonspawn Monk)              Turns: 1763, Time: 00:02:13

Health: 0/29       AC:  5    Str: 11    XL:     3   Next: 17%
Magic:  3/3        EV: 13    Int: 11    God:    Wu Jian [***...]
Gold:   72         SH:  0    Dex: 17    Spells: 2/2 levels left

rFire   . . .      SeeInvis .   a - +0 short sword
rCold   . . .      Faith    .   (no shield)
rNeg    . . .      Spirit   .   b - +0 robe
rPois   .          Reflect  .   (no helmet)
rElec   .          Harm     .   (no cloak)
rCorr   .          Rampage  .   j - +0 pair of gloves
Will    .....                   (no boots)
Stlth   ++........              (no amulet)
HPRegen 0.09/turn               (no ring)
MPRegen 0.08/turn               (no ring)

@: no status effects
A: thin metallic scales 1
a: Renounce Religion, Wall Jump, Serpent's Lash


You were on level 3 of the Dungeon.
You worshipped Wu Jian.
Wu Jian was most pleased with you.
You visited 1 branch of the dungeon, and saw 3 of its levels.

You collected 72 gold pieces.

Inventory:

Hand Weapons
 a - a +0 short sword (weapon)
Armour
 b - a +0 robe (worn)
 j - a +0 pair of gloves (worn)
Scrolls
 d - a scroll of teleportation {unknown}
 h - 2 scrolls of blinking {unknown}
 i - a scroll of fog {unknown}
Potions
 c - a potion of ambrosia
 e - 2 potions of might {unknown}
 f - a potion of haste {unknown}
 g - a potion of curing {unknown}
 k - a potion of heal wounds {unknown}


   Skills:
 - Level 3.0 Fighting
 + Level 3.9 Short Blades
 - Level 2.6 Dodging
 - Level 1.7 Stealth


You had 2 spell levels left.
You didn't know any spells.
Your spell library contained the following spells:

 Spells                   Type           Power      Damage    Failure   Level
 Beastly Appendage        Tmut           0%         N/A       34%         1
 Magic Dart               Conj           0%         1d3       34%         1
 Ensorcelled Hibernation  Hex/Ice        0%         N/A       47%         2
 Passwall                 Tmut/Erth      0%         N/A       47%         2
 Searing Ray              Conj           0%         2d4       47%         2
 Wereblood                Tmut           0%         N/A       47%         2
 Spider Form              Tmut/Pois      0%         N/A       71%         3
 Swiftness                Air            0%         N/A       71%         3
 Fulminant Prism          Conj/Hex       0%         3d6       98%         4


Dungeon Overview and Level Annotations

Branches:
Dungeon (3/15)

Altars:
Sif Muna
Wu Jian


Innate Abilities, Weirdness & Mutations

You are partially covered in thin metallic scales. (AC +2)


Message History

A ball python comes into view.
The ball python hisses angrily.
You hit the bat but do no damage. The bat closely misses you.
A kobold comes into view. It is wielding a +0 dagger.
A giant cockroach comes into view.
You lunge at the bat.
You barely miss the bat. The bat misses you.
A goblin comes into view. It is wielding a +0 club.
A jackal comes into view.
Found a fuming black potion.
You lunge at the hobgoblin.
The jackal barks!
The kobold shouts!
You hit the hobgoblin but do no damage. The bat closely misses you.
The hobgoblin hits you but does no damage.
The jackal closely misses you.
You hit the orc but do no damage. The hobgoblin hits you.
The orc hits you but does no damage. The jackal barely misses you.
The bat closely misses you.
You barely miss the orc. The bat barely misses you.
The hobgoblin closely misses you. The jackal closely misses you.
The orc hits you with a +0 short sword of distortion.
Space warps horribly around you!!
Ouch! That really hurt!
* * * LOW HITPOINT WARNING * * *
You spin and attack the ball python.
You closely miss the ball python.
You spin and attack the jackal.
You closely miss the jackal. The jackal barely misses you.
The ball python closely misses you. The ball python misses you.
The jackal completely misses you. The jackal barely misses you.
There is a stone staircase leading up here.
Unknown command.
The bat completely misses you. The hobgoblin barely misses you.
The orc closely misses you. The ball python bites you.
* * * LOW HITPOINT WARNING * * *
The ball python grabs you.
You stop ascending the stairs.
The ball python constricts you. The jackal bites you.
* * * LOW HITPOINT WARNING * * *
The jackal closely misses you.
Unknown command.
You escape the ball python's grasp.
The bat hits you but does no damage. The jackal bites you.
You die...

#...#.
########<#.. #..
.....#.....###...
................?
.................
............$..#
...(...B.......#
.......gSb...#
!.....Kh@.g..#
....)..oh$.....#
.....#.....#.##..
###.......## ..
#......## #.#
#....... #
##.....# #......


You could see an orc, 2 jackals, a giant cockroach, a hobgoblin, a goblin, a
bat, a ball python and a kobold.

Vanquished Creatures
  3 endoplasms (D:1)
  3 giant cockroaches
  2 goblins (D:1)
  5 hobgoblins
  3 ball pythons
  4 bats
  3 frilled lizards (D:2)
  5 kobolds
  5 rats
33 creatures vanquished.

Notes
Turn   | Place    | Note
-------+----------+-------------------------------------------
     0 | D:1      | holysushi the Demonspawn Monk began the quest for the Orb.
     0 | D:1      | Reached XP level 1. HP: 18/18 MP: 1/1
    48 | D:1      | Found a faded altar of an unknown god.
    66 | D:1      | Prayed at the altar of an unknown god.
    66 | D:1      | Became a worshipper of the Wu Jian Council
    66 | D:1      | Reached * piety under Wu Jian
    66 | D:1      | Reached ** piety under Wu Jian
   238 | D:1      | Gained mutation: You are partially covered in thin metallic
                  | scales. (AC +2) [demonic ancestry]
   238 | D:1      | Reached XP level 2. HP: 22/24 MP: 2/2
   250 | D:1      | Reached *** piety under Wu Jian
  1135 | D:2      | Reached XP level 3. HP: 29/29 MP: 3/3
  1240 | D:2      | Found a shimmering blue altar of Sif Muna.
  1762 | D:3      | HP: 1/29 [jackal (1)]
  1763 | D:3      | Slain by a jackal

Illustrated notes

Levels and vault maps discovered:
D:1:      minmay_arrival_loop, layout_basic,
          shapermc_ecumenical_altar_mp_highgroup, serial_park_tiny_1,
          minmay_misc_feat_ornament, st_stairs_3, minmay_crystal_room
D:2:      layout_basic, basic_altar
D:3:      layout_rooms, minmay_divided_ellipse

Skill      XL: |  1 |
---------------+----+-----
Short Blades   | 3 |  3.9
Fighting       | |  3.0
Dodging        | |  2.6
Stealth        | |  1.7

Action                   || total
-------------------------++-------
Melee: Short sword       ||    91
       Punch             ||     1
Invok: Lunge             ||    17
       Whirlwind         ||    10
 Stab: Sleeping          ||     7
       Distracted        ||     1
Armor: Robe              ||    27
Dodge: Dodged            ||    56

Table legend: (Time is in decaauts)
 A = Elapsed time spent in this place.
 B = Non-inter-level travel time spent in this place.
 C = Inter-level travel time spent in this place.
 D = Time resting spent in this place.
 E = Time spent auto-exploring this place.
 F = Levels seen in this place.
 G = Mean time per level.
                   A        B        C        D        E       F      G
               +--------+--------+--------+--------+--------+-----+--------+
         Total |   1757 |   1709 |     48 |     50 |   1383 |   3 |  585.7 |
       Dungeon |   1757 |   1709 |     48 |     50 |   1383 |   3 |  585.7 |
               +--------+--------+--------+--------+--------+-----+--------+

Top non-repeatable levels by time:
     D:1: 974 daAuts
     D:2: 773 daAuts
     D:3: 10 daAuts
